TOP OF THE 1ST |
Lowell Spinners batting - Pitching for Vermont Lake Monsters : RHP Igoryok Wolgaevsky
|
Pitching: RHP Igoryok Wolgaevsky
|
|
Batting: LHB John Buff
|
0-0: Swinging Strike 0-1: Ball 1-1: Called Strike 1-2: Strikes out looking
|
Batting: LHB Kevin Rolison
|
0-0: Ball 1-0: Called Strike 1-1: SINGLE (Line Drive, 8RS, EV 88.8 MPH)
|
Batting: LHB Danny Montoya
|
0-0: Foul Ball, location: 2F 0-1: Fielders Choice at 2nd, 3-6 (Groundball, 34, EV 85.0 MPH)
|
Batting: RHB Bakhtiar Asadov
|
0-0: Ball 1-0: Called Strike 1-1: Foul Ball, location: 2F 1-2: Foul Ball, location: 2F 1-2: Foul Ball, location: 2F 1-2: Ball 2-2: Foul Ball, location: 2F 2-2: Strikes out swinging
|
Top of the 1st over - 0 runs, 1 hit, 0 errors, 1 left on base; Lowell 0 - Vermont 0 |
BOTTOM OF THE 1ST |
Vermont Lake Monsters batting - Pitching for Lowell Spinners : RHP Tim Tucker
|
Pitching: RHP Tim Tucker
|
|
Batting: RHB Alberto Malagon
|
0-0: Swinging Strike 0-1: Foul Ball, location: 2F 0-2: Ground out U3 (Groundball, 34, EV 103.8 MPH)
|
Batting: SHB Berthold Frey
|
0-0: Ball 1-0: Ball 2-0: Foul Ball, location: 2F 2-1: Foul Ball, location: 2F 2-2: Strikes out swinging
|
Batting: RHB Amare Brown
|
0-0: Ball 1-0: SOLO HOME RUN (Line Drive, 7D, EV 104.4 MPH), Distance : 395 ft
|
Batting: RHB Todd Vanasco
|
0-0: Foul Ball, location: 2F 0-1: Ball 1-1: Swinging Strike 1-2: Ball 2-2: Ball 3-2: SINGLE (Groundball, 4MD, EV 110.6 MPH)
|
Batting: RHB Shi-xian Da
|
0-0: Called Strike 0-1: DOUBLE (Line Drive, 9LS, EV 109.4 MPH) Todd Vanasco to third
|
Batting: RHB Jon Coleman
|
0-0: Fly out, F7 (Line Drive, 78S, EV 91.2 MPH)
|
Bottom of the 1st over - 1 run, 3 hits, 0 errors, 2 left on base; Lowell 0 - Vermont 1 |
TOP OF THE 2ND |
Lowell Spinners batting - Pitching for Vermont Lake Monsters : RHP Igoryok Wolgaevsky
|
Batting: RHB Mike Rosa
|
0-0: Ball 1-0: Ball 2-0: Ball 3-0: Base on Balls
|
Batting: RHB Curt Stallings
|
0-0: Ball Mike Rosa is caught stealing 2nd base 2-4 1-0: Ball 2-0: Foul Ball, location: 2F 2-1: Ball 3-1: Ground out 5-3 (Groundball, 56, EV 87.5 MPH)
|
Batting: RHB Mike Strey
|
0-0: Ball 1-0: Ball 2-0: Ground out 5-3 (Groundball, 56, EV 98.1 MPH)
|
Top of the 2nd over - 0 runs, 0 hits, 0 errors, 0 left on base; Lowell 0 - Vermont 1 |
BOTTOM OF THE 2ND |
Vermont Lake Monsters batting - Pitching for Lowell Spinners : RHP Tim Tucker
|
Batting: LHB Felipe Gomez
|
0-0: Ball 1-0: Ball 2-0: Ball 3-0: Base on Balls
|
Batting: SHB Steve Salafia
|
0-0: Ball 1-0: Fly out, F6 (Popup, 6, EV 75.0 MPH)
|
Batting: RHB Scott Lister
|
0-0: Swinging Strike 0-1: Foul Ball, location: 2F 0-2: Ball Felipe Gomez is caught stealing 2nd base 2-4 1-2: Ball 2-2: Ball 3-2: Foul Ball, location: 2F 3-2: Strikes out swinging, 2-3 out at first.
|
Bottom of the 2nd over - 0 runs, 0 hits, 0 errors, 0 left on base; Lowell 0 - Vermont 1 |
TOP OF THE 3RD |
Lowell Spinners batting - Pitching for Vermont Lake Monsters : RHP Igoryok Wolgaevsky
|
Batting: RHB Rogelio Cervantes
|
0-0: Ball 1-0: Swinging Strike 1-1: Ball 2-1: Fly out, F7 (Flyball, 78S, EV 81.2 MPH)
|
Batting: RHB Jose Molina
|
0-0: Ball 1-0: Ball 2-0: Ball 3-0: Called Strike 3-1: Called Strike 3-2: Base on Balls
|
Batting: LHB John Buff
|
0-0: Ball 1-0: Foul Ball, location: 2F 1-1: Ball 2-1: Called Strike Jose Molina is caught stealing 2nd base 2-6 2-2: Fly out, F5 (Flyball, 56D, EV 87.5 MPH)
|
Top of the 3rd over - 0 runs, 0 hits, 0 errors, 0 left on base; Lowell 0 - Vermont 1 |
BOTTOM OF THE 3RD |
Vermont Lake Monsters batting - Pitching for Lowell Spinners : RHP Tim Tucker
|
Batting: RHB Alberto Malagon
|
0-0: Hit by Pitch
|
Batting: SHB Berthold Frey
|
0-0: Ball 1-0: Ball 2-0: Hit by Pitch Alberto Malagon to second
|
Batting: RHB Amare Brown
|
0-0: Ball 1-0: Ball 2-0: Ball 3-0: Called Strike 3-1: Base on Balls Alberto Malagon to third Berthold Frey to second
|
Batting: RHB Todd Vanasco
|
0-0: SINGLE (Line Drive, 8RS, EV 107.5 MPH) Alberto Malagon scores Berthold Frey to third Amare Brown to second
|
Batting: RHB Shi-xian Da
|
0-0: Fielders Choice at 2nd, U6 (Groundball, 4M, EV 80.6 MPH) Berthold Frey scores Amare Brown to third
|
Batting: RHB Jon Coleman
|
0-0: Fly out, F8 (Line Drive, 8LD, EV 90.6 MPH) Runner from 3rd tags up, SCORES, throw by CF
|
Batting: LHB Felipe Gomez
|
0-0: Called Strike 0-1: Called Strike 0-2: Ball 1-2: Foul Ball, location: 2F 1-2: Fly out, F7 (Flyball, 78D, EV 102.5 MPH)
|
Bottom of the 3rd over - 3 runs, 1 hit, 0 errors, 1 left on base; Lowell 0 - Vermont 4 |
TOP OF THE 4TH |
Lowell Spinners batting - Pitching for Vermont Lake Monsters : RHP Igoryok Wolgaevsky
|
Batting: LHB Kevin Rolison
|
0-0: Ball 1-0: Fly out, F7 (Line Drive, 7S, EV 89.4 MPH)
|
Batting: LHB Danny Montoya
|
0-0: Ground out U3 (Groundball, 34S, EV 81.2 MPH)
|
Batting: RHB Bakhtiar Asadov
|
0-0: Called Strike 0-1: Called Strike 0-2: Ball 1-2: Ball 2-2: Foul Ball, location: 2F 2-2: Fly out, F9 (Flyball, 9LM, EV 83.1 MPH)
|
Top of the 4th over - 0 runs, 0 hits, 0 errors, 0 left on base; Lowell 0 - Vermont 4 |
BOTTOM OF THE 4TH |
Vermont Lake Monsters batting - Pitching for Lowell Spinners : RHP Tim Tucker
|
Batting: SHB Steve Salafia
|
0-0: Ball 1-0: Foul Ball, location: 2F 1-1: Swinging Strike 1-2: Ball 2-2: Fly out, F8 (Flyball, 8LM, EV 95.0 MPH)
|
Batting: RHB Scott Lister
|
0-0: Ball 1-0: Ball 2-0: Foul Ball, location: 2F 2-1: Foul Ball, location: 2F 2-2: Ball 3-2: Foul Ball, location: 2F 3-2: Base on Balls
|
Batting: RHB Alberto Malagon
|
0-0: Called Strike 0-1: Fielders Choice at 2nd, 4-6 (Groundball, 34, EV 83.8 MPH)
|
Batting: SHB Berthold Frey
|
0-0: Ball 1-0: Ball Alberto Malagon is caught stealing 2nd base 2-6
|
Bottom of the 4th over - 0 runs, 0 hits, 0 errors, 0 left on base; Lowell 0 - Vermont 4 |
TOP OF THE 5TH |
Lowell Spinners batting - Pitching for Vermont Lake Monsters : RHP Igoryok Wolgaevsky
|
Batting: RHB Mike Rosa
|
0-0: SINGLE (Line Drive, 7S, EV 95.0 MPH)
|
Batting: RHB Curt Stallings
|
0-0: Fielders Choice at 2nd, 6-4 (Groundball, 6, EV 109.4 MPH)
|
Batting: RHB Mike Strey
|
0-0: Fielders Choice at 2nd, 6-4 (Groundball, 6, EV 78.8 MPH)
|
Batting: RHB Rogelio Cervantes
|
0-0: Swinging Strike 0-1: Ball 1-1: Ball 2-1: Ball 3-1: Called Strike 3-2: Strikes out swinging
|
Top of the 5th over - 0 runs, 1 hit, 0 errors, 1 left on base; Lowell 0 - Vermont 4 |
BOTTOM OF THE 5TH |
Vermont Lake Monsters batting - Pitching for Lowell Spinners : RHP Tim Tucker
|
Batting: SHB Berthold Frey
|
0-0: Ball 1-0: Ball 2-0: Called Strike 2-1: Foul Ball, location: 2F 2-2: Strikes out swinging
|
Batting: RHB Amare Brown
|
0-0: Fly out, F4 (Popup, 13, EV 80.6 MPH)
|
Batting: RHB Todd Vanasco
|
0-0: Swinging Strike 0-1: Foul Ball, location: 2F 0-2: Strikes out swinging
|
Bottom of the 5th over - 0 runs, 0 hits, 0 errors, 0 left on base; Lowell 0 - Vermont 4 |
TOP OF THE 6TH |
Lowell Spinners batting - Pitching for Vermont Lake Monsters : RHP Igoryok Wolgaevsky
|
Batting: RHB Jose Molina
|
0-0: Called Strike 0-1: Fly out, F4 (Popup, 34S, EV 70.0 MPH)
|
Batting: LHB John Buff
|
0-0: Foul Ball, location: 2F 0-1: Ball 1-1: Foul Ball, location: 2F 1-2: Ball 2-2: Ball 3-2: Ground out U3 (Groundball, 3, EV 80.0 MPH)
|
Batting: LHB Kevin Rolison
|
0-0: Ball 1-0: Foul Ball, location: 2F 1-1: Ball 2-1: Foul Ball, location: 2F 2-2: Foul Ball, location: 2F 2-2: Fly out, F3 (Line Drive, 3L, EV 62.5 MPH)
|
Top of the 6th over - 0 runs, 0 hits, 0 errors, 0 left on base; Lowell 0 - Vermont 4 |
BOTTOM OF THE 6TH |
Vermont Lake Monsters batting - Pitching for Lowell Spinners : RHP Tim Tucker
|
Batting: RHB Shi-xian Da
|
0-0: Ball 1-0: Called Strike 1-1: Ball 2-1: Called Strike 2-2: Fly out, F3 (Popup, 3, EV 66.2 MPH)
|
Batting: RHB Jon Coleman
|
0-0: DOUBLE (Flyball, 78D, EV 89.4 MPH)
|
Batting: LHB Felipe Gomez
|
0-0: Foul Ball, location: 2F 0-1: SINGLE (Groundball, 34S, EV 56.9 MPH) (infield hit) Jon Coleman to third
|
Batting: SHB Steve Salafia
|
0-0: Ball 1-0: SINGLE (Line Drive, 6D, EV 103.1 MPH) Jon Coleman scores Felipe Gomez to second
|
Pitching: RHP Jose Abanto
|
|
Batting: RHB Scott Lister
|
0-0: Ball 1-0: Foul Ball, location: 2F 1-1: Grounds into double play, 4-6-3 (Groundball, 4, EV 82.5 MPH)
|
Bottom of the 6th over - 1 run, 3 hits, 0 errors, 1 left on base; Lowell 0 - Vermont 5 |
TOP OF THE 7TH |
Lowell Spinners batting - Pitching for Vermont Lake Monsters : RHP Igoryok Wolgaevsky
|
Pitching: LHP Josh Bologna
|
|
Batting: LHB Danny Montoya
|
0-0: Called Strike 0-1: SINGLE (Flyball, 3D, EV 101.9 MPH)
|
Batting: RHB Bakhtiar Asadov
|
0-0: SINGLE (Line Drive, 34D, EV 103.1 MPH) Danny Montoya to second Runner from 2nd tries for 3rd, OUT! 9-5
|
Batting: RHB Mike Rosa
|
0-0: Foul Ball, location: 2F 0-1: Foul Ball, location: 2F 0-2: Ball 1-2: Ball 2-2: Fly out, F9 (Flyball, 9, EV 78.8 MPH)
|
Batting: RHB Curt Stallings
|
0-0: Called Strike 0-1: Ball 1-1: Ball 2-1: Ball 3-1: Base on Balls Bakhtiar Asadov to second
|
Batting: RHB Mike Strey
|
0-0: Called Strike 0-1: Ball 1-1: Swinging Strike 1-2: Foul Ball, location: 2F 1-2: Foul Ball, location: 2F 1-2: Ball 2-2: Foul Ball, location: 2F 2-2: Ball 3-2: Foul Ball, location: 2F 3-2: Ground out 6-3 (Groundball, 6S, EV 83.8 MPH)
|
Top of the 7th over - 0 runs, 2 hits, 0 errors, 2 left on base; Lowell 0 - Vermont 5 |
BOTTOM OF THE 7TH |
Vermont Lake Monsters batting - Pitching for Lowell Spinners : RHP Jose Abanto
|
Batting: RHB Alberto Malagon
|
0-0: Ball 1-0: SOLO HOME RUN (Line Drive, 9LD, EV 97.5 MPH), Distance : 350 ft
|
Batting: SHB Berthold Frey
|
0-0: Ball 1-0: SOLO HOME RUN (Flyball, 9LD, EV 90.6 MPH), Distance : 345 ft
|
Batting: RHB Amare Brown
|
0-0: Ball 1-0: Ground out 6-3 (Groundball, 6, EV 85.0 MPH)
|
Batting: RHB Todd Vanasco
|
0-0: Called Strike 0-1: Foul Ball, location: 2F 0-2: Ball 1-2: Strikes out swinging
|
Batting: RHB Shi-xian Da
|
0-0: Called Strike 0-1: Ball 1-1: Called Strike 1-2: Ball 2-2: Ball 3-2: Strikes out swinging
|
Bottom of the 7th over - 2 runs, 2 hits, 0 errors, 0 left on base; Lowell 0 - Vermont 7 |
TOP OF THE 8TH |
Lowell Spinners batting - Pitching for Vermont Lake Monsters : LHP Josh Bologna
|
Pinch Hitting: LHB Stanislav Parusov
|
0-0: Called Strike 0-1: Swinging Strike 0-2: Foul Ball, location: 2F 0-2: Ball 1-2: Foul Ball, location: 2F 1-2: Strikes out swinging
|
Batting: RHB Jose Molina
|
0-0: Ball 1-0: Called Strike 1-1: Ground out 6-3 (Groundball, 6, EV 85.0 MPH)
|
Batting: LHB John Buff
|
0-0: Called Strike 0-1: SINGLE (Groundball, 4M, EV 104.4 MPH) (infield hit)
|
Batting: LHB Kevin Rolison
|
0-0: Ball 1-0: Foul Ball, location: 2F 1-1: Ground out 1-3 (Groundball, P, EV 65.0 MPH)
|
Top of the 8th over - 0 runs, 1 hit, 0 errors, 1 left on base; Lowell 0 - Vermont 7 |
BOTTOM OF THE 8TH |
Vermont Lake Monsters batting - Pitching for Lowell Spinners : RHP Jose Abanto
|
Now at 2B: Stanislav Parusov
|
|
Now at SS: Mike Rosa
|
|
Batting: RHB Jon Coleman
|
0-0: Ball 1-0: Called Strike 1-1: Ball 2-1: Foul Ball, location: 2F 2-2: Ball 3-2: SINGLE (Groundball, 34D, EV 96.9 MPH)
|
Batting: LHB Felipe Gomez
|
0-0: Ball 1-0: Foul Ball, location: 2F 1-1: Foul Ball, location: 2F 1-2: Foul Ball, location: 2F 1-2: Grounds into double play, 5-6-3 (Groundball, 6, EV 88.8 MPH)
|
Batting: SHB Steve Salafia
|
0-0: Called Strike 0-1: Foul Ball, location: 2F 0-2: Fly out, F5 (Popup, 6, EV 64.4 MPH)
|
Bottom of the 8th over - 0 runs, 1 hit, 0 errors, 0 left on base; Lowell 0 - Vermont 7 |
TOP OF THE 9TH |
Lowell Spinners batting - Pitching for Vermont Lake Monsters : LHP Josh Bologna
|
Batting: LHB Danny Montoya
|
0-0: Ball 1-0: SINGLE (Groundball, 6MS, EV 68.1 MPH) (infield hit)
|
Batting: RHB Bakhtiar Asadov
|
0-0: Ball 1-0: Grounds into double play, 6-4-3 (Groundball, 6, EV 99.4 MPH)
|
Batting: RHB Mike Rosa
|
0-0: Foul Ball, location: 2F 0-1: Called Strike 0-2: Ball 1-2: Strikes out swinging
|
Top of the 9th over - 0 runs, 1 hit, 0 errors, 0 left on base; Lowell 0 - Vermont 7 |
|